AoeStats
← garryvideo

Arena

510487037Analyzed
1v1 RM · 7h ago on Oct 1, 2026· 38m 10s· 2 players
Game mode
Random Map
Map size
Tiny (2 player)
Population
200
Speed
Normal
Resources
Standard
Victory
Conquest
Starting age
Dark Age
Ending age
Imperial Age
RankedLock teamsTeams togetherTeam positionsShared explorationLock speedFull tech treeHidden civsTurbo modeCheats
Victory
Defeat
🇪🇸 Spanish · Spain
1383
+17
🇹🇼 Turks · Taiwan
1403
-17
abenza8
10:46 Feudal Age
14:18 Castle Age
12:32 Double-Bit Axe
13:54 Horse Collar
14:24 Loom
21:01 Town Watch
27:56 Wheelbarrow
31:52 Imperial Age
30:50 Bow Saw
32:36 Fletching
35:38 Husbandry
38:02 Bloodlines
garryvideo
10:42 Feudal Age
14:30 Castle Age
12:38 Double-Bit Axe
15:17 Loom
18:55 Horse Collar
19:50 Sanctity
23:34 Fervor
28:39 Wheelbarrow
34:54 Imperial Age
33:09 Scale Barding Armor
34:45 Forging
37:36 Padded Archer Armor
Connection lost

Rejoining the realm…

Still unreachable

The connection could not be restored.

Session expired

The server has moved on; the page needs a fresh start.